 Dungeon Crawl Stone Soup version 0.17-a0-1078-g243345b (webtiles) character file.

17802 halfnothing the Fighter (level 12, -12/123 HPs)
             Began as a Gargoyle Berserker on May 20, 2015.
             Was a High Priest of Trog.
             Mangled by Rupert
             ... wielding a +0 great sword of slicing
              (19 damage)
             ... on level 12 of the Dungeon.
             The game lasted 01:26:10 (12867 turns).

halfnothing the Fighter (Gargoyle Berserker)       Turns: 12867, Time: 01:26:10

Health: -12/123    AC: 25    Str: 31    XL:     12   Next: 51%
Magic:  12/12      EV: 14    Int: 15    God:    Trog [*****.]
Gold:   628        SH:  0    Dex:  8    Spells: 0 memorised, 11 levels left

rFire  . . .     SeeInvis .     Z - +1 eveningstar
rCold  + . .     Clarity  .     m - +1 robe "Xoonoin" {rC+ rCorr Int+7}
rNeg   + . .     SustAb   .     (no shield)
rPois  ∞         Gourm    +     d - +1 helmet
rElec  +         Spirit   .     r - +0 cloak
rCorr  +         Warding  .     (no gloves)
rMut   .         Stasis   .     (no boots)
MR     .....                    F - amulet of the gourmand
Stlth  ..........               S - +3 ring of evasion
                                j - +4 ring of protection

@: berserking (expiring), very quick, not resistant to hostile enchantments,
extremely unstealthy
A: rough black scales 1, negative energy resistance 1, electricity resistance,
unbreathing, petrification resistance, rot immunity, AC +8
a: Burn Spellbooks, Berserk, Trog's Hand, Brothers in Arms, Renounce Religion


You were on level 12 of the Dungeon.
You worshipped Trog.
Trog was extremely pleased with you.
You were completely stuffed.

You visited 2 branches of the dungeon, and saw 13 of its levels.

You collected 628 gold pieces.

Inventory:

Hand weapons
 T - a +0 arbalest
 Z - a +1 eveningstar (weapon)
Armour
 d - a +1 helmet (worn)
 m - the +1 robe "Xoonoin" (worn) {rC+ rCorr Int+7}
   (You found it on level 12 of the Dungeon)

   It affects your intelligence (+7).
   It protects you from cold.
   It protects you from acid and corrosion.
 r - a +0 cloak (worn)
Rods
 J - a -1 rod of inaccuracy (10/10)
   (You found it on level 6 of the Dungeon)
Jewellery
 b - an uncursed amulet of warding
 j - a +4 ring of protection (left hand)
 v - an uncursed ring of fire
 F - an amulet of the gourmand (around neck)
 S - a +3 ring of evasion (right hand)
 V - an uncursed ring of protection from cold
Magical devices
 a - a wand of lightning (0)
 L - a wand of slowing (0)
 M - a wand of random effects (27)
 N - a wand of magic darts (14)
 Y - a wand of draining (4)
Scrolls
 e - a scroll of amnesia
 g - 4 scrolls of enchant armour
 n - 6 scrolls of magic mapping
 o - a scroll of fog
 p - a scroll of remove curse
 u - 5 scrolls of teleportation
 A - 2 scrolls of vulnerability {unknown}
 D - 3 scrolls of recharging
 H - 2 scrolls of blinking {unknown}
 Q - a scroll of enchant weapon
Potions
 f - a potion of haste
 i - 4 potions of agility
 q - a potion of brilliance {unknown}
 t - a potion of heal wounds
 w - 3 potions of curing
 B - a potion of resistance
 E - a potion of might
 K - a potion of cure mutation
 R - 2 potions of flight
Books
 s - a Necronomicon {highlevel, unknown}

   This book is beyond your current level of understanding.

   Spells                             Type                      Level
   a - Haunt                          Necromancy/Summoning         7
   b - Borgnjor's Revivification      Necromancy                   8
   c - Death's Door                   Charms/Necromancy            8
   d - Necromutation                  Transmutation/Necromancy     8
   Trog disapproves of the use of such an item.
 y - a book of Minor Magic

   Spells                             Type                      Level
   a - Magic Dart                     Conjuration                  1
   b - Blink                          Translocation                2
   c - Call Imp                       Summoning                    2
   d - Repel Missiles                 Charms/Air                   2
   e - Slow                           Hexes                        2
   f - Conjure Flame                  Conjuration/Fire             3
   g - Mephitic Cloud                 Conjuration/Poison/Air       3
   Trog disapproves of the use of such an item.
 G - a book of the Dragon

   Spells                             Type                      Level
   a - Flame Tongue                   Conjuration/Fire             1
   b - Cause Fear                     Hexes                        4
   c - Bolt of Fire                   Conjuration/Fire             6
   d - Dragon Form                    Transmutation                7
   e - Dragon's Call                  Summoning                    9
   Trog disapproves of the use of such an item.
Miscellaneous
 k - a legendary deck of defence {drawn: 2}
Comestibles
 c - 8 bread rations
 h - 2 beef jerkies
 l - 22 fruits
 x - 15 chunks of flesh
 P - 7 slices of pizza
 U - 6 meat rations


   Skills:
 + Level 12.9 Fighting
 + Level 12.4 Maces & Flails
 * Level 12.1 Armour
 - Level 1.5 Dodging


You had 11 spell levels left.
You didn't know any spells.

Dungeon Overview and Level Annotations

Branches:
Dungeon (12/15)            Temple (1/1) D:4            Lair (0/8) D:10
    Orc (0/4) D:12

Altars:
Ashenzari
Cheibriados
Dithmenos
Elyvilon
Fedhas
Gozag
Kikubaaqudgha
Makhleb
Nemelex Xobeh
Okawaru
Qazlal
Ru
Sif Muna
Trog
Vehumet
Xom
Yredelemnul
Zin
The Shining One
Beogh

Shops:
D:8 =   D:9 =

Portals:
Trove: D:11 (give wand of hasting (8))

Annotations:
D:12 Rupert


Innate Abilities, Weirdness & Mutations

You are resistant to torment.
Your stone body is resilient (AC +8).
You are immune to poison.
You resist negative energy.
You are resistant to electric shocks.
You can survive without breathing.
You are immune to petrification.
You are immune to rotting.
You are partially covered in rough black scales (AC +4, Dex -1).


Message History

You bludgeon Rupert!!
Rupert is severely wounded.
Rupert hits you but does no damage.
You hit Rupert but do no damage.
Rupert is severely wounded.
Rupert hits you with a great sword of slicing!!!
* * * LOW HITPOINT WARNING * * *
x2 You are too berserk!
You impale Rupert!!
Rupert is almost dead.
You closely miss Rupert.
Rupert is almost dead.
Rupert barely misses you.
You puncture Rupert!
Rupert is almost dead.
Rupert closely misses you.
You closely miss Rupert.
Rupert is almost dead.
Rupert hits you with a great sword of slicing!!
You die...

..#.........#.....##
.#############.....#
## ##....#
############# ##.).#
##.....[....# ##)##
#..########.# #...#
..## ##.# #.#.# ###
#..# #(..# #..#
#@..# #..##?@...#
#..##)#...#
#####%#...# # #)#.#
#...# ##'## # ##...#
## ##....#


You could see Rupert (berserk).

Vanquished Creatures
  Maud (D:11)
  Snorg (D:12)
  An ettin (D:12)
  A hydra (D:9)
  An ogre mage (D:12)
  2 unseen horrors
  An ugly thing (D:12)
  A centaur zombie (D:12)
  Maurice (D:10)
  A kobold demonologist (D:12)
  A troll (D:10)
  A two-headed ogre (D:12)
  A raven (shapeshifter) (D:12)
  A boulder beetle (D:12)
  9 yaks
  A vampire (D:12)
  A shadow (D:11)
  2 wraiths (D:9)
  3 deep elf magi (D:11)
  A hippogriff (D:10)
  Grum (D:11)
  5 vampire mosquitoes (D:12)
  2 hungry ghosts
  4 wolves (D:11)
  A mottled dragon (D:12)
  2 sky beasts
  Duvessa (D:6)
  3 black bears
  An ice beast (D:9)
  A necrophage (D:9)
  8 ogres
  5 orc warriors
  3 centaurs
  A crocodile (D:11)
  A phantom (D:12)
  A brain worm (D:12)
  4 giant frogs
  An elf zombie (D:9)
  8 big kobolds
  An elf skeleton (D:9)
  Dowan (D:6)
  4 scorpions
  10 wights
  3 killer bees (D:8)
  4 electric eels (D:10)
  3 crimson imps
  2 giant frog zombies
  A gnoll shaman (D:9)
  A quasit (D:11)
  4 jellies
  4 iguanas
  Ijyb (D:2)
  5 hounds
  2 human zombies (D:9)
  14 orc wizards
  2 human skeletons (D:9)
  10 orc priests
  16 worker ants
  Natasha (thrice) (D:3)
  2 sheep (D:9)
  An ogre zombie (D:9)
  2 mummies (D:9)
  12 gnolls
  A worker ant zombie (D:5)
  9 adders
  4 shadow imps
  3 adder zombies
  3 worms
  2 adder skeletons
  9 giant geckos
  35 orcs
  10 bats
  3 giant cockroaches
  17 hobgoblins
  12 jackals
  5 quokkas
  A ball python (D:5)
  A giant gecko skeleton (D:4)
  7 giant newts
  14 goblins
  27 kobolds
  19 rats
375 creatures vanquished.

Notes
Turn   | Place    | Note
--------------------------------------------------------------
     0 | D:1      | halfnothing the Gargoyle Berserker began the quest for the Orb.
     0 | D:1      | Reached XP level 1. HP: 14/14 MP: 1/1
   362 | D:1      | Reached XP level 2. HP: 19/19 MP: 2/2
   865 | D:2      | Reached skill level 4 in Maces & Flails
   865 | D:2      | Reached XP level 3. HP: 19/23 MP: 3/3
  1138 | D:2      | Acquired Trog's second power
  1281 | D:2      | Found a sacrificial altar of Ru.
  1299 | D:2      | Reached XP level 4. HP: 24/28 MP: 4/4
  1335 | D:2      | Reached skill level 5 in Maces & Flails
  1410 | D:2      | Noticed Ijyb
  1424 | D:2      | Killed Ijyb
  1734 | D:2      | Reached XP level 5. HP: 29/32 MP: 5/5
  2078 | D:3      | Noticed Natasha
  2090 | D:3      | Killed Natasha
  2309 | D:3      | Reached skill level 6 in Maces & Flails
  2851 | D:3      | Noticed Natasha
  2863 | D:3      | Killed Natasha
  2867 | D:3      | Noticed Natasha
  2877 | D:3      | Killed Natasha
  2981 | D:4      | Reached XP level 6. HP: 28/37 MP: 6/6
  3212 | D:4      | Found a staircase to the Ecumenical Temple.
  3230 | Temple   | Entered the Ecumenical Temple
  3264 | Temple   | Reached skill level 7 in Maces & Flails
  3483 | D:4      | Found a sparkling altar of Nemelex Xobeh.
  3555 | D:4      | Found a basalt altar of Yredelemnul.
  3626 | D:4      | Got a heavy robe
  3648 | D:4      | Identified the +3 robe of Zerej {rF- Str+4} (You found it on level 4 of the Dungeon)
  3730 | D:4      | Found a blossoming altar of Fedhas.
  3890 | D:4      | Reached XP level 7. HP: 41/41 MP: 7/7
  3916 | D:5      | Entered Level 5 of the Dungeon
  4123 | D:5      | Reached skill level 8 in Maces & Flails
  4205 | D:5      | HP: 1/41 [orc wizard/puff of flame (12)]
  4471 | D:5      | Found an iron altar of Okawaru.
  4524 | D:5      | Acquired Trog's third power
  4609 | D:5      | Reached skill level 9 in Maces & Flails
  4643 | D:5      | Reached XP level 8. HP: 43/46 MP: 8/8
  4955 | D:6      | Found a white marble altar of Elyvilon.
  5160 | D:6      | Reached skill level 10 in Maces & Flails
  5343 | D:6      | Noticed Dowan
  5345 | D:6      | Noticed Duvessa
  5352 | D:6      | Killed Duvessa
  5358 | D:6      | Killed Dowan
  5358 | D:6      | Reached skill level 5 in Fighting
  5746 | D:6      | Found a blossoming altar of Fedhas.
  5882 | D:6      | Reached XP level 9. HP: 35/57 MP: 9/9
  6096 | D:7      | Identified a -1 rod of inaccuracy (10/10) (You found it on level 6 of the Dungeon)
  6124 | D:7      | Found a deep blue altar of Sif Muna.
  7855 | D:8      | Found Nuseveru's Jewellery Shoppe.
  8031 | D:8      | Received a gift from Trog
  8126 | D:9      | Reached skill level 10 in Fighting
  8128 | D:9      | Got a dazzling rapier
  8130 | D:9      | Identified the cursed +3 rapier "Yrafy" {flame, +Rage rPois MP-9} (You found it on level 9 of the Dungeon)
  8197 | D:9      | Found Zoschiaf's Jewellery Shop.
  8293 | D:9      | Gained mutation: You are partially covered in rough black scales (AC +4, Dex -1). [potion of beneficial mutation]
  8666 | D:9      | Reached XP level 10. HP: 68/68 MP: 10/10
  8708 | D:9      | Found an ancient bone altar of Kikubaaqudgha.
  8726 | D:9      | Reached skill level 5 in Armour
  8906 | D:9      | Found a sparkling altar of Nemelex Xobeh.
  9225 | D:9      | Noticed a three-headed hydra
  9239 | D:9      | Killed a three-headed hydra
  9338 | D:9      | Reached skill level 11 in Fighting
  9416 | D:10     | Entered Level 10 of the Dungeon
  9525 | D:10     | Noticed Maurice
  9558 | D:10     | Killed Maurice
  9859 | D:10     | Found a staircase to the Lair.
  9920 | D:10     | Reached XP level 11. HP: 74/74 MP: 11/11
  9961 | D:10     | Received a gift from Trog
 10602 | D:11     | Noticed Grum
 10614 | D:11     | Killed Grum
 10870 | D:11     | Noticed Maud
 10885 | D:11     | Killed Maud
 10977 | D:11     | Killed an unseen horror
 11186 | D:11     | Reached skill level 12 in Fighting
 11225 | D:11     | Reached skill level 10 in Armour
 11380 | D:11     | Found a portal to a secret trove of treasure.
 11708 | D:12     | Found a staircase to the Orcish Mines.
 11805 | D:12     | Noticed an ettin
 11815 | D:12     | Killed an ettin
 11815 | D:12     | Reached XP level 12. HP: 61/82 MP: 12/12
 11863 | D:12     | Killed an unseen horror
 12072 | D:12     | Received a gift from Trog
 12146 | D:12     | Noticed Snorg
 12167 | D:12     | Killed Snorg
 12356 | D:12     | Identified a scroll of acquirement
 12423 | D:12     | Got an opalescent robe
 12434 | D:12     | Identified the +1 robe "Xoonoin" {rC+ rCorr Int+7} (You found it on level 12 of the Dungeon)
 12466 | D:12     | Found a roughly hewn altar of Beogh.
 12767 | D:12     | Noticed an ogre mage
 12774 | D:12     | Killed an ogre mage
 12843 | D:12     | Noticed Rupert
 12847 | D:12     | Paralysed by Rupert for 2 turns
 12863 | D:12     | HP: 6/123 [Rupert/great sword of slicing (1)]
 12867 | D:12     | Mangled by Rupert

Vault maps used:
D:1:      roderic_dead_forest
D:2:      nicolae_ru_great_annihilating_truth, grunt_ministairs_9, uniq_iyjb
D:3:      serial_park_square1, uniq_natasha
D:4:      kennysheep_little_box, kennysheep_mini_moat,
          minmay_temple_entry_large_hall, first_bread, nemelex_dance_club_becter
D:5:      okawaru_ov_weapons_minmay, minmay_stone_trees_small
D:6:      elyvilon_altar_3, fedhas_altar_fruit_tree, uniq_duvessa
D:7:      overflow_temple_1_default
D:8:      serial_shops, nicolae_shop_behind_doors
D:9:      nemelex_deck, serial_shops, shop, hangedman_ranch,
          lemuel_mausoleum_altar_kikubaaqudgha
D:10:     lair_0_dummy, minmay_misc_feat_iff, uniq_maurice
D:11:     enter_trove_5, wad_dig_loot, uniq_grum, uniq_maud
D:12:     evilmike_horseshoe, minmay_orc_entry_temple_small, uniq_snorg,
          uniq_rupert
Temple:   minmay_freezing_vapour_temple_12

Action                   |  1- 3 |  4- 6 |  7- 9 | 10-12 || total
-------------------------+-------+-------+-------+-------++-------
Melee: Mace              |    90 |   264 |    91 |       ||   445
       Flail             |       |       |   502 |   264 ||   766
       Eveningstar       |       |       |       |   311 ||   311
       Great mace        |       |       |       |   116 ||   116
Invok: Berserk           |       |     1 |     3 |     7 ||    11
Evoke: Wand              |       |       |     3 |    11 ||    14
       Rod               |       |       |     2 |       ||     2
       Deck              |       |       |       |     2 ||     2
  Use: Scroll            |       |     9 |     5 |    14 ||    28
       Potion            |       |       |     5 |     1 ||     6
 Stab: Paralysed         |       |       |       |     4 ||     4
  Eat: Chunk             |     1 |     9 |    43 |    52 ||   105
       Fruit             |       |       |     1 |       ||     1
       Royal jelly       |       |       |       |     1 ||     1
